 Dungeon Crawl Stone Soup version 0.31.0-11-ge490571c62 (webtiles) character file.

Game seed: 3922070356383100934

161 qw the Skirmisher (level 5, -1/29 HPs)
             Began as a Deep Elf Hunter on Feb 4, 2024.
             Incinerated by a bombardier beetle (4 damage)
             ... with a burning spray
             ... on level 3 of the Dungeon.
             The game lasted 00:00:08 (2083 turns).

qw the Skirmisher (Deep Elf Hunter)                 Turns: 2083, Time: 00:00:09

Health: -1/29      AC:  6    Str: 10    XL:     5   Next: 19%
Magic:  7/7        EV: 12    Int: 14    God:
Gold:   120        SH:  0    Dex: 24    Spells: 4/4 levels left

rFire   . . .        a - +0 shortbow
rCold   + . .        (shield currently unavailable)
rNeg    . . .        g - +0 ring mail
rPois   .            (no helmet)
rElec   .            (no cloak)
rCorr   .            i - +0 pair of gloves
SInv    .            (no boots)
Will    .....        (no amulet)
Stlth   +            f - ring of protection from cold
HPRegen 0.24/turn    h - +6 ring of dexterity
MPRegen 0.10/turn

%: no passive effects
@: on fire, glowing
A: no striking features
a: no special abilities


You were on level 3 of the Dungeon.
You visited 1 branch of the dungeon, and saw 3 of its levels.

You collected 120 gold pieces.


   Skills:
 - Level 1.5 Fighting
 + Level 8.1 Ranged Weapons
 - Level 3.5 Dodging
 - Level 1.2 Stealth


You had 4 spell levels left.
You didn't know any spells.
Your spell library was empty.

Inventory:

Hand Weapons
 a - a +0 shortbow (weapon)
Armour
 g - a +0 ring mail (worn)
 i - a +0 pair of gloves (worn)
Jewellery
 f - a ring of protection from cold (left hand)
 h - a +6 ring of dexterity (right hand)
Scrolls
 b - a scroll of identify
 c - a scroll of amnesia {unknown}
 j - a scroll of enchant armour {unknown}
 k - a scroll of poison {unknown}
 l - a scroll of torment {unknown}
Potions
 d - a potion of haste
 e - 3 potions of heal wounds {unknown}

Dungeon Overview and Level Annotations

Branches:
Dungeon (3/15)

Altars:
Nemelex Xobeh


Message History

The adder bites you but does no damage. The adder closely misses you.
You shoot an arrow. The arrow barely misses the adder.
The adder misses you.
You shoot an arrow. The arrow barely misses the adder.
The adder barely misses you. The adder bites you but does no damage.
You shoot an arrow. The arrow hits the adder!
You kill the adder!
Your life force feels restored.
You shoot an arrow. The arrow hits the bombardier beetle.
The bombardier beetle is moderately wounded.
The bombardier beetle sprays incendiary fluid at you.
The burning spray hits you.
You are covered in liquid fire!
You shoot an arrow.
The arrow hits the bombardier beetle but does no damage.
The bombardier beetle is moderately wounded.
The liquid fire burns you!
You shoot an arrow. The arrow hits the bombardier beetle!
The bombardier beetle is severely wounded.
The liquid fire burns you!
The bombardier beetle sprays incendiary fluid at you.
The burning spray hits you.
You are even more covered in liquid fire!
You shoot an arrow.
The arrow hits the bombardier beetle but does no damage.
The bombardier beetle is severely wounded.
The liquid fire burns you!
You shoot an arrow.
The arrow barely misses the bombardier beetle.
The liquid fire burns you!
You shoot an arrow. The arrow hits the bombardier beetle!
You kill the bombardier beetle!
The liquid fire burns you!
Your Dodging skill increases to level 3!
You have reached level 5!
You are on fire!
The liquid fire burns you!
You are on fire!
The liquid fire burns you!
You die...

#....^....###%...)
........
#.................
.......
#..........###<..) .
#.........### ..
#..>........# ..?
#.........#.# %...
#.........#.# .....
#.........#.##......
##.......##.@%.#
##.....########
#######


There were no monsters in sight!

Vanquished Creatures
  A bombardier beetle (D:3)
  3 gnolls (D:3)
  3 adders
  A ribbon worm (D:3)
  3 dart slugs
  5 orcs (D:3)
  3 endoplasms (D:3)
  7 goblins
  2 hobgoblins (D:1)
  8 quokkas
  6 ball pythons
  7 bats
  4 frilled lizards
  3 kobolds
  4 rats
60 creatures vanquished.

Notes
Turn   | Place    | Note
-------+----------+-------------------------------------------
     0 | D:1      | qw the Deep Elf Hunter began the quest for the Orb.
     0 | D:1      | Reached XP level 1. HP: 12/12 MP: 3/3
     0 | D:1      | 0 ||| qw: Version: 0.3-a-160-g6735b56
     0 | D:1      | 0 ||| qw: Game counter: 5661
     0 | D:1      | 0 ||| qw: Melee chars always use a shield: true
     0 | D:1      | 0 ||| qw: God list: Okawaru
     0 | D:1      | 0 ||| qw: Allow faded altars: false
     0 | D:1      | 0 ||| qw: Do Orc after clearing Dungeon:15 true
     0 | D:1      | 0 ||| qw: Do second Lair branch before Depths: true
     0 | D:1      | 0 ||| qw: Lair rune preference: random
     0 | D:1      | 0 ||| qw: Goals: Normal
     0 | D:1      | 0 ||| PLANNING D:1-11
   111 | D:1      | Reached skill level 6 in Ranged Weapons
   111 | D:1      | Reached XP level 2. HP: 16/16 MP: 4/4
   505 | D:1      | Reached XP level 3. HP: 20/20 MP: 5/5
   706 | D:1      | 706 ||| UPGRADING to +0 ring mail.
   716 | D:1      | 716 ||| DROPPING +0 leather armour.
   717 | D:1      | 717 ||| UPGRADING to +0 pair of gloves.
   722 | D:1      | 722 ||| UPGRADING to ring of protection from cold.
   723 | D:1      | 723 ||| READING scroll labelled WOFETRAJAM.
   723 | D:1      | 723 ||| IDENTIFYING fizzy amethyst potion
   724 | D:1      | 724 ||| DROPPING scroll of butterflies.
   897 | D:2      | Reached skill level 7 in Ranged Weapons
   916 | D:2      | Found a faded altar of an unknown god.
  1407 | D:2      | 1407 ||| UPGRADING to +6 ring of dexterity.
  1408 | D:2      | 1408 ||| READING scroll of identify.
  1408 | D:2      | 1408 ||| IDENTIFYING orange potion
  1409 | D:2      | 1409 ||| READING scroll labelled TESMIE ATETIT.
  1510 | D:2      | 1510 ||| DROPPING potion of brilliance.
  1753 | D:3      | Found a sparkling altar of Nemelex Xobeh.
  1859 | D:3      | Reached XP level 4. HP: 22/25 MP: 6/6
  1920 | D:3      | 1920 ||| FLEEEEING.
  1921 | D:3      | 1921 ||| FLEEEEING.
  1922 | D:3      | 1922 ||| FLEEEEING.
  1923 | D:3      | 1923 ||| FLEEEEING.
  1924 | D:3      | 1924 ||| FLEEEEING.
  1925 | D:3      | 1925 ||| FLEEEEING.
  1926 | D:3      | 1926 ||| FLEEEEING.
  1928 | D:3      | 1928 ||| FLEEEEING.
  1943 | D:3      | Reached skill level 8 in Ranged Weapons
  2081 | D:3      | HP: 6/25 [burnt (4)]
  2082 | D:3      | Reached skill level 3 in Dodging
  2082 | D:3      | Reached XP level 5. HP: 8/29 MP: 7/7
  2083 | D:3      | Incinerated by a bombardier beetle

Levels and vault maps discovered:
D:1:      roderic_octagonal_star, layout_basic
D:2:      layout_basic, shapermc_ecumenical_altar_ellora
D:3:      layout_rooms, nemelex_altar_shiori

Skill      XL: |  1  2  3  4 |
---------------+-------------+-----
Ranged Weapons | 6 7 8 |  8.1
Dodging        | 3 |  3.5
Fighting       | |  1.5
Stealth        | |  1.2

Action                     |  1- 3 |  4- 6 || total
---------------------------+-------+-------++-------
   Fire: Shortbow          |   103 |    60 ||   163
    Use: Scroll            |     3 |       ||     3
 Armour: Leather armour    |     2 |       ||     2
         Ring mail         |    13 |     9 ||    22
  Dodge: Dodged            |    22 |    16 ||    38

Table legend:
 A = Non-vault XP
 B = Vault XP
 C = Vault XP percentage of total XP
 D = Non-vault monster count
 E = Vault monster count
 F = Vault count percentage of total count
                 A         B        C        D         E       F
            +---------+---------+-------+---------+---------+-------
      Total |     231 |       0 |   0.0 |      60 |       0 |   0.0
            +---------+---------+-------+---------+---------+-------
        D:1 |      42 |       0 |   0.0 |      23 |       0 |   0.0
        D:2 |      38 |       0 |   0.0 |      10 |       0 |   0.0
        D:3 |     151 |       0 |   0.0 |      27 |       0 |   0.0
            +---------+---------+-------+---------+---------+-------
